Bruins vs Panthers

Created - November 22, 2023 at 19:11

Goals
1 2 3 OT1 SO T
Bruins 1 1 2 0 1 4
Panthers 2 2 0 0 2 5
Shots
1 2 3 OT1 SO T
Bruins 4 16 12 1 3 33
Panthers 12 8 5 2 3 27

1st period

1. Bruins , Casey Cizikas 3 (Wojtek Wolski 4, Zack Kassian 14) at 4:07 (SH)
2. Panthers , Miro Aaltonen 12 (Alex Goligoski 6, Alex Iafallo 8) at 13:37
3. Panthers , Miro Aaltonen 13 (Alex Goligoski 7) at 17:54

Penalties :
Kevin Poulin (Bos) for Slashing (Double Minor) at 3:05 - Jonathan Toews served the penalty, Brendan Smith (Bos) for Holding (Minor) at 10:29

2nd period

4. Panthers , Miro Aaltonen 14 (Alex Pietrangelo 12, Kirill Kaprizov 5) at 2:14
5. Panthers , Alex Pietrangelo 2 (Matt Duchene 19) at 4:25 (PP)
6. Bruins , Gabriel Landeskog 10 (Zack Kassian 15, Noah Juulsen 1) at 5:40

Penalties :
Brendan Smith (Bos) for Hooking (Minor) at 4:13, Nikita Tryamkin (Flo) for Goalie Interference (Minor) at 5:49, Niklas Hansson (Flo) for Hooking (Minor) at 19:59

3rd period

7. Bruins , Gabriel Landeskog 11 (Jonathan Toews 15, Zack Kassian 16) at 0:24 (PP)
8. Bruins , Jonathan Toews 7 (Gabriel Landeskog 13, Zack Kassian 17) at 19:15

Penalties :
Nikita Tryamkin (Flo) for Hooking (Minor) at 8:28, Craig Smith (Bos) for Tripping (Minor) at 19:45

Overtime #1

No Goal

Penalties :
No Penalty

Shootout

Bruins, Gabriel Landeskog - Goal!
Panthers, Quinton Howden - Stopped by Tuukka Rask
Bruins, Zack Kassian - Stopped by Ville Husso
Panthers, Alexander Semin - Goal!
Bruins, Wojtek Wolski - Stopped by Ville Husso
Panthers, Miro Aaltonen - Goal!

Penalties :
No Penalty

Goalie Stats

Kevin Poulin (Bos), 11 saves from 15 shots - (0.733), 24:25 minutes
Tuukka Rask (Bos), 12 saves from 12 shots - (1.000), OTL, 0-0-1, 40:29 minutes
Ville Husso (Flo), 29 saves from 33 shots - (0.879), W, 6-0-1, 65:00 minutes

Players Stats for Bruins

Player Name              G  A  P  +/- PIM S  H  SB GA TA FO     MP     PP MP  PK MP  
------------------------------------------------------------------------------------
Adam Pelech              0  0  0  -1  0   0  1  2  0  2  0/0    15:29   0:00   0:13 
Andreas Athanasiou       0  0  0   0  0   1  2  0  0  0  0/0     7:01   0:00   0:00 
Brendan Smith            0  0  0   0  4   0  1  0  0  2  0/0    19:50   1:39   2:26 
Casey Cizikas            1  0  1   0  0   2  1  0  1  0  3/6    15:53   0:00   2:08 
Corey Tropp              0  0  0   0  0   0  0  1  0  0  0/0     4:04   0:36   0:00 
Craig Smith              0  0  0  -1  2   1  0  0  0  0  0/1    13:52   0:25   0:00 
Gabriel Landeskog        2  1  3   1  0   4  3  1  2  0  3/9    26:58   2:20   4:50 
Jason Demers             0  0  0   1  0   0  1  0  1  0  0/0    28:04   2:44   5:05 
Jonathan Toews           1  1  2   1  0   5  3  0  0  1  11/21  18:48   2:04   0:37 
Kevin Hayes              0  0  0  -1  0   1  1  0  2  0  5/9    16:44   1:53   0:07 
Madison Bowey            0  0  0   0  0   0  0  0  0  2  0/0    20:42   1:39   3:04 
Mark Stone               0  0  0  -1  0   2  1  0  0  1  0/0    16:25   1:53   0:00 
Noah Juulsen             0  1  1  -1  0   1  1  1  0  1  0/0    14:59   0:00   0:31 
Radek Faksa              0  0  0   0  0   0  0  0  1  0  0/4     6:52   0:00   0:00 
Taylor Beck              0  0  0  -1  0   1  1  0  1  0  0/0    13:43   0:03   0:49 
Torey Krug               0  0  0   1  0   6  2  3  0  2  0/0    28:01   2:44   5:05 
Wojtek Wolski            0  1  1   0  0   3  1  1  0  0  0/0    18:57   1:53   2:09 
Zack Kassian             0  4  4   1  0   6  1  2  0  2  1/1    22:11   2:02   3:47 

Players Stats for Panthers

Player Name              G  A  P  +/- PIM S  H  SB GA TA FO     MP     PP MP  PK MP  
------------------------------------------------------------------------------------
Alex Goligoski           0  2  2   1  0   3  3  0  2  0  0/0    21:30   2:07   1:55 
Alex Iafallo             0  1  1   1  0   0  1  0  1  1  1/1    19:34   2:41   1:29 
Alex Pietrangelo         1  1  2   0  0   6  0  2  1  1  0/0    29:16   4:17   2:53 
Alexander Semin          0  0  0   0  0   1  3  1  0  0  0/0    13:28   0:29   0:16 
Blake Geoffrion          0  0  0  -1  0   0  0  0  0  0  0/0     9:06   0:00   0:00 
Griffin Reinhart         0  0  0   2  0   0  1  1  0  1  0/0    20:49   4:17   0:00 
Jerry D'Amigo            0  0  0  -1  0   2  1  0  0  0  0/0     8:55   0:29   0:00 
Kirill Kaprizov          0  1  1   0  0   0  0  0  0  1  1/2    19:50   3:14   0:00 
Kris Versteeg            0  0  0  -1  0   2  2  0  2  0  0/0    22:46   3:14   2:21 
Matt Duchene             0  1  1   0  0   2  3  1  4  0  13/29  21:33   3:14   0:53 
Miro Aaltonen            3  0  3   2  0   5  2  0  1  0  5/8    18:36   2:41   1:21 
Nikita Tryamkin          0  0  0  -2  4   0  1  0  1  1  0/0    15:39   2:07   0:00 
Niklas Hansson           0  0  0   0  2   0  0  1  0  2  0/0    24:19   0:00   2:28 
Patrick Brown            0  0  0  -1  0   1  3  1  0  0  4/4     8:36   0:00   0:00 
Petr Straka              0  0  0   0  0   1  0  1  0  0  0/0    11:33   0:00   0:00 
Quinton Howden           0  0  0  -1  0   2  0  1  0  0  4/7    15:54   0:29   2:26 
Shea Weber               0  0  0  -1  0   1  0  0  0  1  0/0    15:36   0:00   1:30 
Victor Oreskovich        0  0  0   2  0   1  3  0  1  0  0/0    15:44   2:41   0:00 

3 Stars

1 - Miro Aaltonen (Flo)
2 - Gabriel Landeskog (Bos)
3 - Zack Kassian (Bos)

Power Play

Bruins - 1 on 3 Attempt(s) - 33.33%
Panthers - 1 on 4 Attempt(s) - 25.00%

Penalty Kill

Bruins - 3 on 4 Attempt(s) - 75.00% - Score 1 goal in Penalty Kill
Panthers - 2 on 3 Attempt(s) - 66.67% - Score 0 goal in Penalty Kill

Team Stat

Bruins - Hits : 20 - Faceoff Wins : 23 - Blocked Shots : 11 - Penalty Minutes : 10
Panthers - Hits : 23 - Faceoff Wins : 28 - Blocked Shots : 9 - Penalty Minutes : 6

Official

Referees : Frederick L'Ecuyer and Trevor Hanson
Linesman : Tony Sericolo and Kory Nagy

Game Notes

Miro Aaltonen has scored a Hat Trick!
Tuukka Rask enters game at 4:25 of 2nd period
11:11 of 2nd period - Panthers goal is going for a video replay. After video review, No Goal. The goalkeeper has been pushed into the net together with the puck after making a save.
0:24 of 3rd period - Bruins goal is going for a video replay. After video review, Goal.

Finance

Level 1 -- Attendance: 6000 (100.00%) -- Ticket Income $600,000
Level 2 -- Attendance: 4534 (90.68%) -- Ticket Income $272,040
Level 3 -- Attendance: 2000 (100.00%) -- Ticket Income $70,000
Level 4 -- Attendance: 4000 (100.00%) -- Ticket Income $100,000
Luxury Box -- Attendance: 1000 (100.00%) -- Ticket Income $200,000
Game was played at the BBT Center.
Total Attendance: 17534 (97.41%)
Total Ticket Income: $1,242,040
Other Income: $186,306
Total Income: $1,428,346

Bruins

5 vs 5 Forward 
   Center                   Left Wing                Right Wing               Time % Phy DF OF 
 1 Jonathan Toews           Gabriel Landeskog        Zack Kassian             40     1   2  2  
 2 Kevin Hayes              Wojtek Wolski            Mark Stone               30     1   2  2  
 3 Casey Cizikas            Taylor Beck              Craig Smith              20     1   2  2  
 4 Radek Faksa              Gabriel Landeskog        Andreas Athanasiou       10     1   2  2  

5 vs 5 Defense 
   Defense                  Defense                                           Time % Phy DF OF 
 1 Jason Demers             Torey Krug                                        40     1   2  2  
 2 Madison Bowey            Brendan Smith                                     30     1   2  2  
 3 Adam Pelech              Noah Juulsen                                      20     1   2  2  
 4 Jason Demers             Torey Krug                                        10     1   2  2  

PowerPlay Forward 
   Center                   Left Wing                Right Wing               Time % Phy DF OF 
 1 Jonathan Toews           Gabriel Landeskog        Zack Kassian             60     1   2  2  
 2 Kevin Hayes              Wojtek Wolski            Mark Stone               40     1   2  2  

PowerPlay Defense
   Defense                  Defense                                           Time % Phy DF OF 
 1 Jason Demers             Torey Krug                                        60     1   2  2  
 2 Madison Bowey            Brendan Smith                                     40     1   2  2  

Penalty Kill 4 Players Forward 
   Center                   Wing                     Time % Phy DF OF 
 1 Gabriel Landeskog        Zack Kassian             60     1   2  2  
 2 Wojtek Wolski            Jonathan Toews           40     1   2  2  

Penalty Kill 4 Players Defense
   Defense                  Defense                  Time % Phy DF OF 
 1 Jason Demers             Torey Krug               60     1   2  2  
 2 Madison Bowey            Brendan Smith            40     1   2  2  

Penalty Kill - 3 Players Forward 
   Forward                                           Time % Phy DF OF 
 1 Gabriel Landeskog                                 60     1   2  2  
 2 Zack Kassian                                      40     1   2  2  

Penalty Kill - 3 Players Defense
   Defense                  Defense                  Time % Phy DF OF 
 1 Jason Demers             Torey Krug               60     1   2  2  
 2 Madison Bowey            Brendan Smith            40     1   2  2  

4 vs 4 Forward 
   Center                   Wing                     Time % Phy DF OF 
 1 Gabriel Landeskog        Zack Kassian             60     1   2  2  
 2 Wojtek Wolski            Jonathan Toews           40     1   2  2  

4 vs 4 Defense
   Defense                  Defense                  Time % Phy DF OF 
 1 Jason Demers             Torey Krug               60     1   2  2  
 2 Madison Bowey            Brendan Smith            40     1   2  2  

Last Minutes Offensive
   Center                   Left Wing                Right Wing               Defense                  Defense                  
   Jonathan Toews           Gabriel Landeskog        Zack Kassian             Jason Demers             Torey Krug               

Last Minutes Defensive
   Center                   Left Wing                Right Wing               Defense                  Defense                  
   Jonathan Toews           Gabriel Landeskog        Zack Kassian             Jason Demers             Torey Krug               

Goaltenders
Starting : Kevin Poulin             
Backup : Tuukka Rask              

Extra Forwards
Normal : Corey Tropp, Craig Smith, Casey Cizikas - PP : Corey Tropp, Craig Smith - PK : Casey Cizikas
Extra Defensemen
Normal : Adam Pelech, Noah Juulsen, Madison Bowey - PP : Adam Pelech - PK : Noah Juulsen, Madison Bowey
Penalty Shots
Gabriel Landeskog, Zack Kassian, Wojtek Wolski, Jonathan Toews, Kevin Hayes
Custom OT Lines Forwards
Gabriel Landeskog, Zack Kassian, Wojtek Wolski, Jonathan Toews, Kevin Hayes, Mark Stone, Craig Smith, Casey Cizikas, Radek Faksa, Taylor Beck
Custom OT Lines Defensemen
Jason Demers, Torey Krug, Madison Bowey, Brendan Smith, Adam Pelech

Scratches
Eric Wellwood (Healthy), Josh Manson (Healthy)

Panthers

5 vs 5 Forward 
   Center                   Left Wing                Right Wing               Time % Phy DF OF 
 1 Matt Duchene             Kirill Kaprizov          Kris Versteeg            40     0   2  3  
 2 Miro Aaltonen            Alex Iafallo             Victor Oreskovich        30     0   2  3  
 3 Quinton Howden           Alexander Semin          Petr Straka              20     1   2  2  
 4 Patrick Brown            Blake Geoffrion          Jerry D'Amigo            10     1   2  2  

5 vs 5 Defense 
   Defense                  Defense                                           Time % Phy DF OF 
 1 Alex Pietrangelo         Niklas Hansson                                    40     0   2  3  
 2 Alex Goligoski           Griffin Reinhart                                  30     0   2  3  
 3 Nikita Tryamkin          Shea Weber                                        20     1   2  2  
 4 Alex Pietrangelo         Niklas Hansson                                    10     0   2  3  

PowerPlay Forward 
   Center                   Left Wing                Right Wing               Time % Phy DF OF 
 1 Matt Duchene             Kirill Kaprizov          Kris Versteeg            60     0   1  4  
 2 Miro Aaltonen            Alex Iafallo             Victor Oreskovich        40     0   1  4  

PowerPlay Defense
   Defense                  Defense                                           Time % Phy DF OF 
 1 Alex Pietrangelo         Griffin Reinhart                                  60     0   2  3  
 2 Alex Goligoski           Nikita Tryamkin                                   40     0   2  3  

Penalty Kill 4 Players Forward 
   Center                   Wing                     Time % Phy DF OF 
 1 Quinton Howden           Kris Versteeg            60     1   3  1  
 2 Miro Aaltonen            Alex Iafallo             40     1   3  1  

Penalty Kill 4 Players Defense
   Defense                  Defense                  Time % Phy DF OF 
 1 Alex Pietrangelo         Niklas Hansson           60     1   3  1  
 2 Alex Goligoski           Shea Weber               40     1   3  1  

Penalty Kill - 3 Players Forward 
   Forward                                           Time % Phy DF OF 
 1 Kris Versteeg                                     60     1   3  1  
 2 Quinton Howden                                    40     1   3  1  

Penalty Kill - 3 Players Defense
   Defense                  Defense                  Time % Phy DF OF 
 1 Alex Pietrangelo         Niklas Hansson           60     1   3  1  
 2 Alex Goligoski           Shea Weber               40     1   3  1  

4 vs 4 Forward 
   Center                   Wing                     Time % Phy DF OF 
 1 Matt Duchene             Kirill Kaprizov          60     0   2  3  
 2 Miro Aaltonen            Alex Iafallo             40     0   2  3  

4 vs 4 Defense
   Defense                  Defense                  Time % Phy DF OF 
 1 Alex Pietrangelo         Niklas Hansson           60     0   2  3  
 2 Alex Goligoski           Griffin Reinhart         40     1   2  2  

Last Minutes Offensive
   Center                   Left Wing                Right Wing               Defense                  Defense                  
   Matt Duchene             Kirill Kaprizov          Kris Versteeg            Alex Pietrangelo         Alex Goligoski           

Last Minutes Defensive
   Center                   Left Wing                Right Wing               Defense                  Defense                  
   Quinton Howden           Alex Iafallo             Kris Versteeg            Alex Pietrangelo         Niklas Hansson           

Goaltenders
Starting : Ville Husso              
Backup : Brian Elliott            

Extra Forwards
Normal : Alex Iafallo, Matt Duchene, Kirill Kaprizov - PP : Miro Aaltonen, Matt Duchene - PK : Miro Aaltonen
Extra Defensemen
Normal : Griffin Reinhart, Alex Pietrangelo, Alex Goligoski - PP : Alex Pietrangelo - PK : Alex Goligoski, Niklas Hansson
Penalty Shots
Quinton Howden, Alexander Semin, Miro Aaltonen, Kris Versteeg, Matt Duchene
Custom OT Lines Forwards
Matt Duchene, Kris Versteeg, Alex Iafallo, Alexander Semin, Miro Aaltonen, Quinton Howden, Blake Geoffrion, Patrick Brown, Kirill Kaprizov, Petr Straka
Custom OT Lines Defensemen
Alex Pietrangelo, Alex Goligoski, Niklas Hansson, Shea Weber, Griffin Reinhart

Scratches
Elias Lindholm (Bruised Right Leg Injury)

% Time on Ice - Bruins

Lines # - Real PCT - Wanted PCT - Time Play
Normal Forward
1 - 31% - 40% - 14:53
2 - 29% - 30% - 14:08
3 - 26% - 20% - 12:51
4 - 14% - 10% - 6:52
Normal Defense
1 - 37% - 40% - 18:16
2 - 31% - 30% - 15:17
3 - 29% - 20% - 14:16
4 - 2% - 10% - 0:55
PP Forward
1 - 57% - 60% - 2:30
2 - 43% - 40% - 1:53
PP Defense
1 - 62% - 60% - 2:44
2 - 38% - 40% - 1:39
PK Forward
1 - 63% - 60% - 4:03
2 - 37% - 40% - 2:21
PK Defense
1 - 60% - 60% - 3:52
2 - 40% - 40% - 2:32
PK3 Forward
1 - 85% - 60% - 1:29
2 - 15% - 40% - 0:16
PK3 Defense
1 - 70% - 60% - 1:13
2 - 30% - 40% - 0:32
44 Forward
1 - 0% - 60%
2 - 0% - 40%
44 Defense
1 - 0% - 60%
2 - 0% - 40%
Last Minute Offensive  - 0:29
Last Minute Defensive  - 0:00
Total
Forward - 61:45
Defense - 61:45

% Time on Ice - Panthers

Lines # - Real PCT - Wanted PCT - Time Play
Normal Forward
1 - 32% - 40% - 15:46
2 - 27% - 30% - 13:03
3 - 24% - 20% - 11:33
4 - 17% - 10% - 8:26
Normal Defense
1 - 40% - 40% - 19:20
2 - 34% - 30% - 16:33
3 - 23% - 20% - 11:27
4 - 3% - 10% - 1:28
PP Forward
1 - 58% - 60% - 3:43
2 - 42% - 40% - 2:41
PP Defense
1 - 67% - 60% - 4:17
2 - 33% - 40% - 2:07
PK Forward
1 - 88% - 60% - 3:52
2 - 12% - 40% - 0:31
PK Defense
1 - 66% - 60% - 2:53
2 - 34% - 40% - 1:30
PK3 Forward
1 - 0% - 60%
2 - 0% - 40%
PK3 Defense
1 - 0% - 60%
2 - 0% - 40%
44 Forward
1 - 81% - 60% - 1:25
2 - 19% - 40% - 0:20
44 Defense
1 - 65% - 60% - 1:08
2 - 35% - 40% - 0:37
Last Minute Offensive  - 0:00
Last Minute Defensive  - 0:25
Total
Forward - 61:45
Defense - 61:45

Play-by-Play

1st period


0:01 of 1st period - Jonathan Toews wins face-off versus Kirill Kaprizov in neutral zone.
0:10 of 1st period - Slapshot by Gabriel Landeskog.
0:10 of 1st period - Deflect By Alex Pietrangelo.
0:10 of 1st period - Shot Misses the Net.
0:10 of 1st period - Puck is out of play.
0:11 of 1st period - Alex Iafallo wins face-off versus Kevin Hayes in Panthers zone.
0:44 of 1st period - Slapshot by Alex Goligoski.
0:44 of 1st period - Deflect By Alexander Semin.
0:44 of 1st period - Stopped by Kevin Poulin with a rebound.
1:09 of 1st period - Icing by Matt Duchene.
1:10 of 1st period - Matt Duchene wins face-off versus Jonathan Toews in Panthers zone.
1:18 of 1st period - Off-side.
1:19 of 1st period - Patrick Brown wins face-off versus Radek Faksa in neutral zone.
1:24 of 1st period - Snap shot by Shea Weber.
1:24 of 1st period - Shot Blocked by Gabriel Landeskog.
1:26 of 1st period - Wrist shot by Patrick Brown.
1:26 of 1st period - Deflect By Jason Demers.
1:26 of 1st period - Shot Misses the Net.
1:26 of 1st period - Puck is out of play.
1:27 of 1st period - Patrick Brown wins face-off versus Radek Faksa in Bruins zone.
1:48 of 1st period - Jerry D'Amigo is hit by Andreas Athanasiou and loses puck.
2:03 of 1st period - Snap shot by Jerry D'Amigo.
2:03 of 1st period - Stopped by Kevin Poulin without a rebound.
2:04 of 1st period - Kevin Hayes wins face-off versus Matt Duchene in Bruins zone.
2:55 of 1st period - Slapshot by Alex Pietrangelo.
2:55 of 1st period - Shot Misses the Net.
2:57 of 1st period - Slapshot by Alex Pietrangelo.
2:57 of 1st period - Stopped by Kevin Poulin without a rebound.
2:58 of 1st period - Matt Duchene wins face-off versus Jonathan Toews in Bruins zone.
3:01 of 1st period - Slapshot by Kris Versteeg.
3:01 of 1st period - Shot Misses the Net.
3:03 of 1st period - Snap shot by Matt Duchene.
3:03 of 1st period - Shot Misses the Net.
3:05 of 1st period - Slapshot by Alex Goligoski.
3:05 of 1st period - Stopped by Kevin Poulin without a rebound.
3:05 of 1st period - Double Minor Penalty to Kevin Poulin for Slashing.
3:06 of 1st period - Gabriel Landeskog wins face-off versus Matt Duchene in Bruins zone.
3:15 of 1st period - Alex Pietrangelo is hit by Zack Kassian and loses puck.
3:43 of 1st period - Slapshot by Alex Pietrangelo.
3:43 of 1st period - Shot Blocked by Zack Kassian.
3:45 of 1st period - Slapshot by Alex Pietrangelo.
3:45 of 1st period - Shot Misses the Net.
4:07 of 1st period - Wrist shot by Wojtek Wolski.
4:07 of 1st period - Deflect By Casey Cizikas.
4:07 of 1st period - Goal by Casey Cizikas - Bruins : 1 - Panthers : 0.
4:08 of 1st period - Matt Duchene wins face-off versus Gabriel Landeskog in neutral zone.
6:24 of 1st period - Casey Cizikas is hit by Miro Aaltonen and loses puck.
7:05 of 1st period - Penalty to Jonathan Toews is over, Jonathan Toews is back on ice.
7:25 of 1st period - Shea Weber is hit by Gabriel Landeskog and loses puck.
8:04 of 1st period - Matt Duchene is hit by Mark Stone and loses puck.
8:52 of 1st period - Griffin Reinhart is hit by Noah Juulsen and loses puck.
9:03 of 1st period - Snap shot by Victor Oreskovich.
9:03 of 1st period - Shot Blocked by Wojtek Wolski.
9:54 of 1st period - Andreas Athanasiou is hit by Jerry D'Amigo and loses puck.
10:03 of 1st period - Jerry D'Amigo is hit by Torey Krug and loses puck.
10:29 of 1st period - Minor Penalty to Brendan Smith for Holding.
10:30 of 1st period - Matt Duchene wins face-off versus Gabriel Landeskog in Bruins zone.
10:34 of 1st period - Wrist shot by Kris Versteeg.
10:34 of 1st period - Shot Blocked by Torey Krug.
10:36 of 1st period - Snap shot by Griffin Reinhart.
10:36 of 1st period - Shot Misses the Net.
10:38 of 1st period - Slapshot by Griffin Reinhart.
10:38 of 1st period - Shot Blocked by Torey Krug.
10:40 of 1st period - Slapshot by Kirill Kaprizov.
10:40 of 1st period - Shot Misses the Net.
10:42 of 1st period - Snap shot by Kris Versteeg.
10:42 of 1st period - Stopped by Kevin Poulin with a rebound.
10:44 of 1st period - Slapshot by Alex Pietrangelo.
10:44 of 1st period - Stopped by Kevin Poulin without a rebound.
10:45 of 1st period - Gabriel Landeskog wins face-off versus Matt Duchene in Bruins zone.
11:52 of 1st period - Miro Aaltonen is hit by Jonathan Toews and loses puck.
12:29 of 1st period - Penalty to Brendan Smith is over, Brendan Smith is back on ice.
12:53 of 1st period - Snap shot by Quinton Howden.
12:53 of 1st period - Stopped by Kevin Poulin with a rebound.
12:55 of 1st period - Slapshot by Nikita Tryamkin.
12:55 of 1st period - Shot Misses the Net.
12:57 of 1st period - Slapshot by Alex Goligoski.
12:57 of 1st period - Stopped by Kevin Poulin without a rebound.
12:58 of 1st period - Miro Aaltonen wins face-off versus Casey Cizikas in Bruins zone.
13:25 of 1st period - Wrist shot by Kevin Hayes.
13:25 of 1st period - Shot Blocked by Niklas Hansson.
13:27 of 1st period - Snap shot by Kevin Hayes.
13:27 of 1st period - Deflect By Mark Stone.
13:27 of 1st period - Shot Misses the Net.
13:27 of 1st period - Puck is out of play.
13:28 of 1st period - Miro Aaltonen wins face-off versus Jonathan Toews in Panthers zone.
13:37 of 1st period - Slapshot by Alex Goligoski.
13:37 of 1st period - Deflect By Miro Aaltonen.
13:37 of 1st period - Goal by Miro Aaltonen - Bruins : 1 - Panthers : 1.
13:38 of 1st period - Matt Duchene wins face-off versus Jonathan Toews in neutral zone.
13:54 of 1st period - Wrist shot by Gabriel Landeskog.
13:54 of 1st period - Stopped by Ville Husso with a rebound.
14:06 of 1st period - Wrist shot by Wojtek Wolski.
14:06 of 1st period - Shot Misses the Net.
14:12 of 1st period - Wrist shot by Kevin Hayes.
14:12 of 1st period - Shot Misses the Net.
14:28 of 1st period - Slapshot by Andreas Athanasiou.
14:28 of 1st period - Shot Misses the Net.
14:30 of 1st period - Wrist shot by Radek Faksa.
14:30 of 1st period - Shot Misses the Net.
14:32 of 1st period - Snap shot by Andreas Athanasiou.
14:32 of 1st period - Stopped by Ville Husso without a rebound.
14:33 of 1st period - Kirill Kaprizov wins face-off versus Kevin Hayes in Panthers zone.
14:38 of 1st period - Kris Versteeg is hit by Wojtek Wolski and loses puck.
15:47 of 1st period - Wrist shot by Torey Krug.
15:47 of 1st period - Stopped by Ville Husso with a rebound.
15:59 of 1st period - Torey Krug is hit by Victor Oreskovich and loses puck.
16:10 of 1st period - Wrist shot by Victor Oreskovich.
16:10 of 1st period - Stopped by Kevin Poulin with a rebound.
16:41 of 1st period - Slapshot by Craig Smith.
16:41 of 1st period - Shot Misses the Net.
17:11 of 1st period - Snap shot by Miro Aaltonen.
17:11 of 1st period - Stopped by Kevin Poulin without a rebound.
17:12 of 1st period - Miro Aaltonen wins face-off versus Casey Cizikas in Bruins zone.
17:54 of 1st period - Slapshot by Miro Aaltonen.
17:54 of 1st period - Goal by Miro Aaltonen - Bruins : 1 - Panthers : 2.
17:55 of 1st period - Zack Kassian wins face-off versus Matt Duchene in neutral zone.
19:32 of 1st period - Slapshot by Radek Faksa.
19:32 of 1st period - Shot Blocked by Quinton Howden.
19:52 of 1st period - Nikita Tryamkin is hit by Taylor Beck and loses puck.
Goals for this period are 1 for Bruins vs 2 for Panthers.
Shots for this period are 4 for Bruins vs 12 for Panthers.

2nd period


0:01 of 2nd period - Matt Duchene wins face-off versus Jonathan Toews in neutral zone.
0:33 of 2nd period - Wrist shot by Kevin Hayes.
0:33 of 2nd period - Shot Blocked by Alex Pietrangelo.
0:35 of 2nd period - Snap shot by Mark Stone.
0:35 of 2nd period - Stopped by Ville Husso with a rebound.
0:37 of 2nd period - Slapshot by Torey Krug.
0:37 of 2nd period - Stopped by Ville Husso without a rebound.
0:38 of 2nd period - Jonathan Toews wins face-off versus Matt Duchene in Panthers zone.
0:41 of 2nd period - Wrist shot by Gabriel Landeskog.
0:41 of 2nd period - Shot Blocked by Griffin Reinhart.
1:21 of 2nd period - Off-side.
1:22 of 2nd period - Casey Cizikas wins face-off versus Quinton Howden in neutral zone.
2:14 of 2nd period - Slapshot by Miro Aaltonen.
2:14 of 2nd period - Goal by Miro Aaltonen - Bruins : 1 - Panthers : 3.
2:15 of 2nd period - Jonathan Toews wins face-off versus Matt Duchene in neutral zone.
2:18 of 2nd period - Slapshot by Torey Krug.
2:18 of 2nd period - Stopped by Ville Husso without a rebound.
2:19 of 2nd period - Jonathan Toews wins face-off versus Matt Duchene in Panthers zone.
2:24 of 2nd period - Snap shot by Zack Kassian.
2:24 of 2nd period - Shot Misses the Net.
2:48 of 2nd period - Snap shot by Zack Kassian.
2:48 of 2nd period - Deflect By Wojtek Wolski.
2:48 of 2nd period - Stopped by Ville Husso with a rebound.
2:55 of 2nd period - Icing by Alex Iafallo.
2:56 of 2nd period - Kevin Hayes wins face-off versus Miro Aaltonen in Panthers zone.
3:19 of 2nd period - Madison Bowey is hit by Alex Goligoski and loses puck.
3:24 of 2nd period - Snap shot by Miro Aaltonen.
3:24 of 2nd period - Shot Misses the Net.
3:26 of 2nd period - Slapshot by Alex Goligoski.
3:26 of 2nd period - Stopped by Kevin Poulin without a rebound.
3:27 of 2nd period - Jonathan Toews wins face-off versus Matt Duchene in Bruins zone.
4:13 of 2nd period - Minor Penalty to Brendan Smith for Hooking.
4:14 of 2nd period - Matt Duchene wins face-off versus Gabriel Landeskog in Bruins zone.
4:25 of 2nd period - Slapshot by Alex Pietrangelo.
4:25 of 2nd period - Goal by Alex Pietrangelo - Bruins : 1 - Panthers : 4.
4:25 of 2nd period - Tuukka Rask enters game.
4:26 of 2nd period - Matt Duchene wins face-off versus Jonathan Toews in neutral zone.
4:33 of 2nd period - Wrist shot by Jonathan Toews.
4:33 of 2nd period - Shot Misses the Net.
5:40 of 2nd period - Wrist shot by Gabriel Landeskog.
5:40 of 2nd period - Goal by Gabriel Landeskog - Bruins : 2 - Panthers : 4.
5:41 of 2nd period - Jonathan Toews wins face-off versus Matt Duchene in neutral zone.
5:41 of 2nd period - Jonathan Toews is hit by Nikita Tryamkin.
5:47 of 2nd period - Snap shot by Gabriel Landeskog.
5:47 of 2nd period - Stopped by Ville Husso with a rebound.
5:49 of 2nd period - Minor Penalty to Nikita Tryamkin for Goalie Interference.
5:50 of 2nd period - Quinton Howden wins face-off versus Jonathan Toews in Panthers zone.
7:05 of 2nd period - Brendan Smith is hit by Alex Goligoski.
7:49 of 2nd period - Penalty to Nikita Tryamkin is over, Nikita Tryamkin is back on ice.
8:59 of 2nd period - Wojtek Wolski is hit by Patrick Brown.
9:19 of 2nd period - Slapshot by Shea Weber.
9:19 of 2nd period - Stopped by Tuukka Rask with a rebound.
9:41 of 2nd period - Slapshot by Petr Straka.
9:41 of 2nd period - Stopped by Tuukka Rask with a rebound.
10:51 of 2nd period - Noah Juulsen is hit by Matt Duchene.
11:09 of 2nd period - Slapshot by Alex Goligoski.
11:09 of 2nd period - Shot Misses the Net.
11:11 of 2nd period - Slapshot by Alex Goligoski.
11:11 of 2nd period - Deflect By Jerry D'Amigo.
11:11 of 2nd period - Panthers goal is going for a video replay.
11:11 of 2nd period - The goal is refused. The goalkeeper has been pushed into the net together with the puck after making a save..
11:12 of 2nd period - Patrick Brown wins face-off versus Radek Faksa in Bruins zone.
11:12 of 2nd period - Alex Goligoski is hit by Jason Demers.
11:18 of 2nd period - Snap shot by Torey Krug.
11:18 of 2nd period - Stopped by Ville Husso without a rebound.
11:19 of 2nd period - Matt Duchene wins face-off versus Jonathan Toews in Panthers zone.
11:24 of 2nd period - Jonathan Toews is hit by Kris Versteeg and loses puck.
12:12 of 2nd period - Icing by Casey Cizikas.
12:13 of 2nd period - Patrick Brown wins face-off versus Casey Cizikas in Bruins zone.
12:44 of 2nd period - Snap shot by Zack Kassian.
12:44 of 2nd period - Stopped by Ville Husso with a rebound.
12:46 of 2nd period - Snap shot by Zack Kassian.
12:46 of 2nd period - Stopped by Ville Husso with a rebound.
12:48 of 2nd period - Snap shot by Jonathan Toews.
12:48 of 2nd period - Stopped by Ville Husso with a rebound.
12:50 of 2nd period - Slapshot by Torey Krug.
12:50 of 2nd period - Stopped by Ville Husso with a rebound.
13:45 of 2nd period - Slapshot by Alex Pietrangelo.
13:45 of 2nd period - Shot Blocked by Adam Pelech.
13:59 of 2nd period - Griffin Reinhart is hit by Adam Pelech and loses puck.
15:35 of 2nd period - Snap shot by Gabriel Landeskog.
15:35 of 2nd period - Shot Blocked by Patrick Brown.
15:45 of 2nd period - Mark Stone is hit by Alexander Semin and loses puck.
16:12 of 2nd period - Wrist shot by Kris Versteeg.
16:12 of 2nd period - Deflect By Matt Duchene.
16:12 of 2nd period - Stopped by Tuukka Rask with a rebound.
16:24 of 2nd period - Slapshot by Zack Kassian.
16:24 of 2nd period - Shot Misses the Net.
16:30 of 2nd period - Jason Demers is hit by Victor Oreskovich and loses puck.
16:43 of 2nd period - Wojtek Wolski is hit by Alexander Semin and loses puck.
17:11 of 2nd period - Slapshot by Alex Pietrangelo.
17:11 of 2nd period - Stopped by Tuukka Rask with a rebound.
17:35 of 2nd period - Kevin Hayes is hit by Griffin Reinhart and loses puck.
17:48 of 2nd period - Kevin Hayes is hit by Victor Oreskovich and loses puck.
17:59 of 2nd period - Quinton Howden is hit by Gabriel Landeskog and loses puck.
19:01 of 2nd period - Backhand shot by Torey Krug.
19:01 of 2nd period - Shot Misses the Net.
19:03 of 2nd period - Slapshot by Torey Krug.
19:03 of 2nd period - Deflect By Niklas Hansson.
19:03 of 2nd period - Stopped by Ville Husso without a rebound.
19:04 of 2nd period - Casey Cizikas wins face-off versus Miro Aaltonen in Panthers zone.
19:07 of 2nd period - Snap shot by Taylor Beck.
19:07 of 2nd period - Stopped by Ville Husso without a rebound.
19:08 of 2nd period - Casey Cizikas wins face-off versus Matt Duchene in Panthers zone.
19:23 of 2nd period - Wrist shot by Craig Smith.
19:23 of 2nd period - Shot Misses the Net.
19:25 of 2nd period - Snap shot by Casey Cizikas.
19:25 of 2nd period - Stopped by Ville Husso without a rebound.
19:26 of 2nd period - Miro Aaltonen wins face-off versus Jonathan Toews in Panthers zone.
19:40 of 2nd period - Snap shot by Gabriel Landeskog.
19:40 of 2nd period - Deflect By Zack Kassian.
19:40 of 2nd period - Shot Misses the Net.
19:40 of 2nd period - Puck is out of play.
19:41 of 2nd period - Matt Duchene wins face-off versus Kevin Hayes in Panthers zone.
19:50 of 2nd period - Snap shot by Kevin Hayes.
19:50 of 2nd period - Stopped by Ville Husso without a rebound.
19:51 of 2nd period - Kevin Hayes wins face-off versus Matt Duchene in Panthers zone.
19:52 of 2nd period - Slapshot by Wojtek Wolski.
19:52 of 2nd period - Stopped by Ville Husso without a rebound.
19:53 of 2nd period - Jonathan Toews wins face-off versus Matt Duchene in Panthers zone.
19:59 of 2nd period - Minor Penalty to Niklas Hansson for Hooking.
Goals for this period are 1 for Bruins vs 2 for Panthers.
Shots for this period are 16 for Bruins vs 8 for Panthers.
Goals for this period are 1 for Bruins vs 2 for Panthers.
Shots for this period are 16 for Bruins vs 8 for Panthers.

3rd period


0:01 of 3rd period - Jonathan Toews wins face-off versus Quinton Howden in neutral zone.
0:06 of 3rd period - Snap shot by Zack Kassian.
0:06 of 3rd period - Stopped by Ville Husso without a rebound.
0:07 of 3rd period - Jonathan Toews wins face-off versus Quinton Howden in Panthers zone.
0:18 of 3rd period - Wrist shot by Zack Kassian.
0:18 of 3rd period - Stopped by Ville Husso with a rebound.
0:20 of 3rd period - Wrist shot by Jonathan Toews.
0:20 of 3rd period - Stopped by Ville Husso with a rebound.
0:22 of 3rd period - Snap shot by Zack Kassian.
0:22 of 3rd period - Deflect By Jonathan Toews.
0:22 of 3rd period - Stopped by Ville Husso with a rebound.
0:24 of 3rd period - Snap shot by Gabriel Landeskog.
0:24 of 3rd period - Bruins goal is going for a video replay.
0:24 of 3rd period - The goal is good.
0:24 of 3rd period - Goal by Gabriel Landeskog - Bruins : 3 - Panthers : 4.
0:25 of 3rd period - Matt Duchene wins face-off versus Jonathan Toews in neutral zone.
1:15 of 3rd period - Wrist shot by Casey Cizikas.
1:15 of 3rd period - Shot Misses the Net.
1:22 of 3rd period - Alex Goligoski is hit by Torey Krug and loses puck.
2:53 of 3rd period - Snap shot by Kris Versteeg.
2:53 of 3rd period - Shot Blocked by Adam Pelech.
3:08 of 3rd period - Adam Pelech is hit by Patrick Brown and loses puck.
3:30 of 3rd period - Alex Iafallo is hit by Casey Cizikas and loses puck.
4:50 of 3rd period - Patrick Brown is hit by Brendan Smith and loses puck.
5:42 of 3rd period - Alex Iafallo is hit by Kevin Hayes and loses puck.
6:08 of 3rd period - Torey Krug is hit by Kris Versteeg and loses puck.
6:13 of 3rd period - Snap shot by Matt Duchene.
6:13 of 3rd period - Stopped by Tuukka Rask with a rebound.
6:15 of 3rd period - Wrist shot by Kris Versteeg.
6:15 of 3rd period - Stopped by Tuukka Rask with a rebound.
6:17 of 3rd period - Snap shot by Alex Pietrangelo.
6:17 of 3rd period - Stopped by Tuukka Rask with a rebound.
6:19 of 3rd period - Slapshot by Niklas Hansson.
6:19 of 3rd period - Deflect By Kris Versteeg.
6:19 of 3rd period - Shot Blocked by Corey Tropp.
6:19 of 3rd period - Puck is out of play.
6:20 of 3rd period - Quinton Howden wins face-off versus Craig Smith in Bruins zone.
6:55 of 3rd period - Wrist shot by Kris Versteeg.
6:55 of 3rd period - Shot Blocked by Noah Juulsen.
6:57 of 3rd period - Slapshot by Alex Pietrangelo.
6:57 of 3rd period - Shot Misses the Net.
8:05 of 3rd period - Snap shot by Zack Kassian.
8:05 of 3rd period - Stopped by Ville Husso with a rebound.
8:07 of 3rd period - Slapshot by Noah Juulsen.
8:07 of 3rd period - Stopped by Ville Husso with a rebound.
8:09 of 3rd period - Slapshot by Noah Juulsen.
8:09 of 3rd period - Shot Blocked by Alexander Semin.
8:17 of 3rd period - Snap shot by Jonathan Toews.
8:17 of 3rd period - Stopped by Ville Husso without a rebound.
8:18 of 3rd period - Kevin Hayes wins face-off versus Matt Duchene in Panthers zone.
8:28 of 3rd period - Minor Penalty to Nikita Tryamkin for Hooking.
8:29 of 3rd period - Quinton Howden wins face-off versus Kevin Hayes in Panthers zone.
9:14 of 3rd period - Wrist shot by Miro Aaltonen.
9:14 of 3rd period - Stopped by Tuukka Rask with a rebound.
9:28 of 3rd period - Shea Weber is hit by Jonathan Toews and loses puck.
10:28 of 3rd period - Penalty to Nikita Tryamkin is over, Nikita Tryamkin is back on ice.
11:52 of 3rd period - Petr Straka is hit by Gabriel Landeskog and loses puck.
12:09 of 3rd period - Matt Duchene is hit by Andreas Athanasiou and loses puck.
12:13 of 3rd period - Icing by Alex Pietrangelo.
12:14 of 3rd period - Matt Duchene wins face-off versus Radek Faksa in Panthers zone.
12:45 of 3rd period - Snap shot by Blake Geoffrion.
12:45 of 3rd period - Deflect By Patrick Brown.
12:45 of 3rd period - Stopped by Tuukka Rask with a rebound.
13:01 of 3rd period - Gabriel Landeskog is hit by Alex Iafallo and loses puck.
13:56 of 3rd period - Gabriel Landeskog is hit by Matt Duchene and loses puck.
14:11 of 3rd period - Snap shot by Wojtek Wolski.
14:11 of 3rd period - Stopped by Ville Husso without a rebound.
14:12 of 3rd period - Kevin Hayes wins face-off versus Miro Aaltonen in Panthers zone.
14:19 of 3rd period - Snap shot by Mark Stone.
14:19 of 3rd period - Shot Blocked by Alex Pietrangelo.
14:21 of 3rd period - Wrist shot by Mark Stone.
14:21 of 3rd period - Shot Misses the Net.
14:23 of 3rd period - Snap shot by Wojtek Wolski.
14:23 of 3rd period - Shot Misses the Net.
14:31 of 3rd period - Wrist shot by Mark Stone.
14:31 of 3rd period - Stopped by Ville Husso without a rebound.
14:32 of 3rd period - Jonathan Toews wins face-off versus Matt Duchene in Panthers zone.
14:59 of 3rd period - Wojtek Wolski is hit by Alex Goligoski and loses puck.
15:56 of 3rd period - Slapshot by Wojtek Wolski.
15:56 of 3rd period - Shot Misses the Net.
16:28 of 3rd period - Noah Juulsen is hit by Matt Duchene and loses puck.
16:57 of 3rd period - Torey Krug is hit by Patrick Brown and loses puck.
17:32 of 3rd period - Slapshot by Casey Cizikas.
17:32 of 3rd period - Shot Blocked by Matt Duchene.
17:49 of 3rd period - Casey Cizikas is hit by Miro Aaltonen and loses puck.
18:00 of 3rd period - Quinton Howden is hit by Jonathan Toews and loses puck.
18:07 of 3rd period - Snap shot by Jonathan Toews.
18:07 of 3rd period - Deflect By Zack Kassian.
18:07 of 3rd period - Stopped by Ville Husso with a rebound.
18:09 of 3rd period - Snap shot by Jonathan Toews.
18:09 of 3rd period - Shot Blocked by Petr Straka.
19:09 of 3rd period - Bruins, Tuukka Rask is pulled from the net.
19:15 of 3rd period - Wrist shot by Jonathan Toews.
19:15 of 3rd period - Goal by Jonathan Toews - Bruins : 4 - Panthers : 4.
19:15 of 3rd period - Tuukka Rask from Bruins was sent back in the game.
19:16 of 3rd period - Jonathan Toews wins face-off versus Matt Duchene in neutral zone.
19:45 of 3rd period - Minor Penalty to Craig Smith for Tripping.
19:46 of 3rd period - Miro Aaltonen wins face-off versus Gabriel Landeskog in Bruins zone.
19:56 of 3rd period - Slapshot by Alex Pietrangelo.
19:56 of 3rd period - Shot Blocked by Zack Kassian.
19:58 of 3rd period - Snap shot by Alex Iafallo.
19:58 of 3rd period - Shot Blocked by Torey Krug.
Goals for this period are 2 for Bruins vs 0 for Panthers.
Shots for this period are 12 for Bruins vs 5 for Panthers.

Overtime #1


0:01 of 1st overtime period - Matt Duchene wins face-off versus Gabriel Landeskog in neutral zone.
0:06 of 1st overtime period - Slapshot by Matt Duchene.
0:06 of 1st overtime period - Shot Misses the Net.
0:08 of 1st overtime period - Wrist shot by Matt Duchene.
0:08 of 1st overtime period - Shot Misses the Net.
0:10 of 1st overtime period - Backhand shot by Niklas Hansson.
0:10 of 1st overtime period - Shot Misses the Net.
0:12 of 1st overtime period - Wrist shot by Alex Pietrangelo.
0:12 of 1st overtime period - Stopped by Tuukka Rask with a rebound.
0:14 of 1st overtime period - Slapshot by Matt Duchene.
0:14 of 1st overtime period - Deflect By Gabriel Landeskog.
0:14 of 1st overtime period - Shot Misses the Net.
0:14 of 1st overtime period - Puck is out of play.
0:15 of 1st overtime period - Gabriel Landeskog wins face-off versus Matt Duchene in Bruins zone.
0:24 of 1st overtime period - Snap shot by Gabriel Landeskog.
0:24 of 1st overtime period - Shot Misses the Net.
1:45 of 1st overtime period - Penalty to Craig Smith is over, Craig Smith is back on ice.
2:24 of 1st overtime period - Slapshot by Quinton Howden.
2:24 of 1st overtime period - Stopped by Tuukka Rask with a rebound.
3:05 of 1st overtime period - Jason Demers is hit by Alexander Semin and loses puck.
4:08 of 1st overtime period - Slapshot by Casey Cizikas.
4:08 of 1st overtime period - Deflect By Craig Smith.
4:08 of 1st overtime period - Stopped by Ville Husso with a rebound.
4:19 of 1st overtime period - Off-side.
4:20 of 1st overtime period - Quinton Howden wins face-off versus Gabriel Landeskog in neutral zone.
Goals for this period are 0 for Bruins vs 0 for Panthers.
Shots for this period are 1 for Bruins vs 2 for Panthers.

ShootOut


5:00 of 1st overtime period - Round #1.
5:00 of 1st overtime period - Bruins, Gabriel Landeskog.
5:00 of 1st overtime period - Snap shot by Gabriel Landeskog.
5:00 of 1st overtime period - Goal by Gabriel Landeskog.
5:00 of 1st overtime period - Panthers, Quinton Howden.
5:00 of 1st overtime period - Wrist shot by Quinton Howden.
5:00 of 1st overtime period - Stopped by Tuukka Rask.
5:00 of 1st overtime period - Round #2.
5:00 of 1st overtime period - Bruins, Zack Kassian.
5:00 of 1st overtime period - Deke by Zack Kassian.
5:00 of 1st overtime period - Stopped by Ville Husso.
5:00 of 1st overtime period - Panthers, Alexander Semin.
5:00 of 1st overtime period - Backhand shot by Alexander Semin.
5:00 of 1st overtime period - Goal by Alexander Semin.
5:00 of 1st overtime period - Round #3.
5:00 of 1st overtime period - Bruins, Wojtek Wolski.
5:00 of 1st overtime period - Snap shot by Wojtek Wolski.
5:00 of 1st overtime period - Stopped by Ville Husso.
5:00 of 1st overtime period - Panthers, Miro Aaltonen.
5:00 of 1st overtime period - Snap shot by Miro Aaltonen.
5:00 of 1st overtime period - Goal by Miro Aaltonen.